 Dungeon Crawl Stone Soup version 0.29.0-4-gdea44cf6ec (webtiles) character file.

Game seed: 6610443726961656039

665 qw the Cleaver (level 7, -21/41 HPs)
             Began as a Tengu Warper on Aug 28, 2022.
             Demolished by a two-headed ogre
             ... wielding a +0 giant club
              (25 damage)
             ... on level 5 of the Dungeon.
             The game lasted 00:00:29 (5059 turns).

qw the Cleaver (Tengu Warper)                       Turns: 5059, Time: 00:00:29

Health: -21/41     AC:  7    Str: 13    XL:     7   Next: 57%
Magic:  0/11       EV: 11    Int: 14    God:
Gold:   65         SH:  0    Dex: 13    Spells: 10/10 levels left

rFire   + . .      SeeInvis .   Y - +0 war axe
rCold   . . .      Faith    .   (no shield)
rNeg    . . .      Spirit   +   j - +0 scale mail
rPois   .          Reflect  .   (helmet restricted)
rElec   .          Harm     .   (no cloak)
rCorr   .          Rampage  .   d - +0 pair of gloves
Will    .....                   (boots unavailable)
Stlth   ..........              k - amulet of guardian spirit
HPRegen 0.13/turn               c - ring of protection from fire
MPRegen 0.12/turn               (no ring)

@: flying quickly and evasively, quick
A: beak, talons 3, nimble flight
a: no special abilities


You were on level 5 of the Dungeon.
You visited 1 branch of the dungeon, and saw 5 of its levels.

You collected 175 gold pieces.
You spent 110 gold pieces at shops.


Innate Abilities, Weirdness & Mutations

You have a beak for a mouth.
You have claws for feet.
Your magical nature lets you fly swiftly and evasively.


   Skills:
 - Level 3.0 Fighting
 + Level 8.4 Axes
 - Level 1.0 Throwing
 - Level 2.0 Armour
 - Level 2.1 Dodging
 - Level 2.0 Spellcasting
 - Level 2.4 Translocations


You had 10 spell levels left.
You didn't know any spells.
Your spell library contained the following spells:

 Spells                   Type           Power      Damage    Failure   Level
 Blink                    Tloc           16%        N/A       54%         2
 Gell's Gravitas          Tloc           8%         N/A       77%         3
 Lesser Beckoning         Tloc           8%         N/A       77%         3
 Teleport Other           Tloc           8%         N/A       77%         3
 Manifold Assault         Tloc           8%         N/A       100%        5

Inventory:

Hand Weapons
 l - a +0 flail
 Y - a +0 war axe (weapon)
Missiles
 a - 3 boomerangs (quivered)
Armour
 d - a +0 pair of gloves (worn)
 j - a +0 scale mail (worn)
Jewellery
 c - a ring of protection from fire (left hand)
 k - an amulet of guardian spirit (around neck)
Scrolls
 e - a scroll of identify
Potions
 b - a potion of degeneration {unknown}
 f - a potion of experience {unknown}
 g - a potion of attraction {unknown}
 h - a potion of berserk rage {unknown}
 i - a potion of curing
 m - a potion of resistance {unknown}
 o - a potion of flight {unknown}

Dungeon Overview and Level Annotations

Branches:
Dungeon (5/15)
 Temple: D:4-7

Altars:
Cheibriados
Fedhas
Trog
Uskayaw
Vehumet
Xom
The Shining One

Shops:
D:2 (   D:3 **   D:4 :

Annotations:
D:5 Grinder


Message History

The iguana is heavily wounded.
Throw: 3 boomerangs
Press: ? - help, Q - select action Shift-Dir - straight line, f/p - iguana You throw a boomerang.
The boomerang closely misses the iguana.
You slash the iguana! You claw the iguana. You peck the iguana.
You kill the iguana!
5048 ||| Stepping ~*~*~tactically~*~*~ (stealth).
Grinder shouts!
You hear two shouts!
A two-headed ogre comes into view.
It is wielding a +0 giant club and a +0 dire flail.
You closely miss Grinder. Grinder closely misses you.
You hit Grinder. Your kick misses Grinder.
Grinder is lightly wounded.
Grinder completely misses you. Grinder gestures at you.
You resist with significant effort.
You hit Grinder. Your kick misses Grinder.
Grinder is lightly wounded.
Grinder hits you.
You writhe in agony.
You slash Grinder!
Grinder is moderately wounded.
Grinder hits you.
You writhe in agony.
You slash Grinder! You claw Grinder, but do no damage. You peck Grinder.
Grinder is heavily wounded.
You barely miss the two-headed ogre.
The two-headed ogre barely misses you. x2; Grinder blinks!
You slash the two-headed ogre! You claw the two-headed ogre.
The two-headed ogre is moderately wounded.
You hit the two-headed ogre but do no damage.
You claw the two-headed ogre.
The two-headed ogre is moderately wounded.
The two-headed ogre hits you with a +0 giant club!
The two-headed ogre hits you with a +0 dire flail!
You closely miss the two-headed ogre. You claw the two-headed ogre!
You peck the two-headed ogre.
The two-headed ogre is heavily wounded.
The two-headed ogre hits you with a +0 giant club!!
Ouch! That really hurt!
You die...

#. ##. #..# #... #..# #
. #.. ..# ##.## #.##..
#.###.#.######
....#.###.##.#.......###
#....#...##...#.......
#..O@..........##.##.
###.##...#.#.#..##.##.
..............#..##)##.
####.###%##.###..##g...
# #.##>.....####..
##'#######)####..
##...## #.......
##.....## ######.#
##.......## #.......


You could see a two-headed ogre.

Vanquished Creatures
  Duvessa (D:5)
  A phantom (D:5)
  An elf skeleton (D:4)
  A scorpion (D:4)
  Dowan (D:5)
  A howler monkey (D:5)
  A human zombie (D:4)
  A hound (D:4)
  3 iguanas
  An orc wizard (D:3)
  A gnoll (D:5)
  4 adders
  An ufetubus (D:5)
  2 worms
  A dart slug (D:1)
  11 orcs
  A ball python (D:2)
  7 bats
  4 endoplasms
  A giant cockroach (D:1)
  3 hobgoblins
  3 jackals (D:3)
  8 kobolds
  5 quokkas
  3 frilled lizards
  5 goblins
  3 orc skeletons (D:4)
  An orc zombie (D:4)
  5 rats
81 creatures vanquished.

Notes
Turn   | Place    | Note
-------+----------+-------------------------------------------
     0 | D:1      | qw the Tengu Warper began the quest for the Orb.
     0 | D:1      | Reached XP level 1. HP: 12/12 MP: 4/4
     0 | D:1      | 0 ||| qw: Version: 0.1-a-89-g26bdef1
     0 | D:1      | 0 ||| qw: Game counter: 956
     0 | D:1      | 0 ||| qw: Always use a shield: true
     0 | D:1      | 0 ||| qw: God list: Okawaru
     0 | D:1      | 0 ||| qw: Allow faded altars: false
     0 | D:1      | 0 ||| qw: Do Orc after D:15 true
     0 | D:1      | 0 ||| qw: Do second Lair branch before Depths: true
     0 | D:1      | 0 ||| qw: Lair rune preference: random
     0 | D:1      | 0 ||| qw: Plans: Normal
     0 | D:1      | 0 ||| PLANNING D:1-11
   117 | D:1      | 117 ||| READING scroll labelled OLEWIMYFIDEM.
   118 | D:1      | 118 ||| DROPPING scroll of blinking.
   119 | D:1      | 119 ||| Stepping randomly (stuck).
   120 | D:1      | 120 ||| Stepping randomly (stuck).
   121 | D:1      | 121 ||| Stepping randomly (stuck).
   122 | D:1      | 122 ||| Stepping randomly (stuck).
   124 | D:1      | 124 ||| Stepping randomly (stuck).
   126 | D:1      | 126 ||| Stepping randomly (stuck).
   127 | D:1      | 127 ||| Stepping randomly (stuck).
   128 | D:1      | 128 ||| Stepping randomly (stuck).
   302 | D:1      | Reached skill level 3 in Axes
   302 | D:1      | Reached XP level 2. HP: 8/17 MP: 6/6
  1053 | D:1      | 1053 ||| READING 2 scrolls labelled LONOEL NAUSELE.
  1054 | D:1      | 1054 ||| READING scroll labelled FEULUJ DAG MOZ.
  1055 | D:1      | 1055 ||| READING scroll labelled YPOMUJ HOIPNOMN.
  1056 | D:1      | 1056 ||| READING scroll labelled ELUANTAEM.
  1061 | D:1      | 1061 ||| DROPPING scroll of amnesia.
  1198 | D:2      | Reached skill level 4 in Axes
  1198 | D:2      | Reached XP level 3. HP: 10/21 MP: 7/7
  1208 | D:2      | 1208 ||| FLEEEEING.
  1211 | D:2      | 1211 ||| STAIRDANCE
  1362 | D:2      | 1362 ||| Stepping ~*~*~tactically~*~*~ (stealth).
  1397 | D:2      | 1397 ||| Stepping ~*~*~tactically~*~*~ (stealth).
  1798 | D:2      | 1798 ||| Stepping ~*~*~tactically~*~*~ (stealth).
  1848 | D:2      | Found Ocol's Weapon Shoppe.
  1913 | D:2      | 1913 ||| UPGRADING to +0 pair of gloves.
  1918 | D:2      | 1918 ||| UPGRADING to +0 ring mail.
  1928 | D:2      | 1928 ||| DROPPING +0 leather armour.
  1929 | D:2      | 1929 ||| UPGRADING to amulet of guardian spirit.
  1934 | D:2      | 1934 ||| UPGRADING to ring of protection from fire.
  1935 | D:2      | 1935 ||| READING scroll labelled ILEL XISIER.
  1936 | D:2      | 1936 ||| READING scroll labelled OZUQYI VAMPAM.
  1937 | D:2      | 1937 ||| DRINKING 2 bubbling purple potions.
  1984 | D:2      | 1984 ||| DROPPING potion of lignification.
  2127 | D:3      | Reached XP level 4. HP: 26/26 MP: 8/8
  2139 | D:3      | Found Ewa Rutowk's Assorted Antiques.
  2143 | D:3      | 2143 ||| BUYING amethyst potion (22 gold).
  2143 | D:3      | Bought an amethyst potion for 22 gold pieces
  2143 | D:3      | 2143 ||| BUYING scroll of identify (50 gold).
  2143 | D:3      | Bought a scroll of identify for 50 gold pieces
  2223 | D:3      | Identified the +0 robe of Hubris {rPois}
  2271 | D:3      | Found Utennit's Assorted Antiques.
  2279 | D:3      | 2279 ||| BUYING bubbling pink potion (19 gold).
  2279 | D:3      | Bought a bubbling pink potion for 19 gold pieces
  2279 | D:3      | 2279 ||| SHOPLISTING scroll labelled GOAMUI MACSO (22 gold,
                  | have 21).
  2279 | D:3      | 2279 ||| SHOPLISTING scroll labelled NUOH BOIFE (22 gold,
                  | have 21).
  2279 | D:3      | 2279 ||| SHOPLISTING silver ring (110 gold, have 21).
  2279 | D:3      | 2279 ||| BUYING viscous amethyst potion (19 gold).
  2279 | D:3      | Bought a viscous amethyst potion for 19 gold pieces
  2570 | D:3      | 2570 ||| SWAPPING to +0 war axe.
  2571 | D:3      | 2571 ||| DROPPING +0 hand axe.
  2592 | D:3      | 2592 ||| UPGRADING to +0 scale mail.
  2602 | D:3      | 2602 ||| DROPPING +0 ring mail.
  2603 | D:3      | 2603 ||| READING scroll labelled ARGHOM LAFOANUA.
  2645 | D:4      | Found Xitomm's Book Shoppe.
  2646 | D:4      | 2646 ||| PLANNING OSSUARY
  2749 | D:4      | Reached skill level 5 in Axes
  2749 | D:4      | Noticed a scorpion
  2760 | D:4      | Killed a scorpion
  2761 | D:4      | Gained mutation: Your magical nature lets you fly swiftly
                  | and evasively. [Tengu growth]
  2761 | D:4      | Reached XP level 5. HP: 26/30 MP: 6/9
  2860 | D:4      | 2860 ||| DROPPING +0 mace.
  3044 | D:4      | 3044 ||| Stepping ~*~*~tactically~*~*~ (stealth).
  3045 | D:4      | 3045 ||| Stepping ~*~*~tactically~*~*~ (stealth).
  3047 | D:4      | 3047 ||| Stepping ~*~*~tactically~*~*~ (stealth).
  3048 | D:4      | 3048 ||| Stepping ~*~*~tactically~*~*~ (stealth).
  3145 | D:4      | Reached skill level 6 in Axes
  3153 | D:4      | 3153 ||| FLEEEEING.
  3154 | D:4      | 3154 ||| FLEEEEING.
  3155 | D:4      | 3155 ||| FLEEEEING.
  3156 | D:4      | 3156 ||| FLEEEEING.
  3157 | D:4      | 3157 ||| FLEEEEING.
  3158 | D:4      | 3158 ||| FLEEEEING.
  3159 | D:4      | 3159 ||| FLEEEEING.
  3160 | D:4      | 3160 ||| FLEEEEING.
  3161 | D:4      | 3161 ||| FLEEEEING.
  3162 | D:4      | 3162 ||| FLEEEEING.
  3163 | D:4      | 3163 ||| FLEEEEING.
  3164 | D:4      | 3164 ||| FLEEEEING.
  3165 | D:4      | 3165 ||| FLEEEEING.
  3166 | D:4      | 3166 ||| FLEEEEING.
  3167 | D:4      | 3167 ||| FLEEEEING.
  3168 | D:4      | 3168 ||| FLEEEEING.
  3169 | D:4      | 3169 ||| FLEEEEING.
  3170 | D:4      | 3170 ||| FLEEEEING.
  3171 | D:4      | 3171 ||| FLEEEEING.
  3172 | D:4      | 3172 ||| FLEEEEING.
  3173 | D:4      | 3173 ||| FLEEEEING.
  3174 | D:4      | 3174 ||| FLEEEEING.
  3175 | D:4      | 3175 ||| FLEEEEING.
  3176 | D:4      | 3176 ||| FLEEEEING.
  3177 | D:4      | 3177 ||| FLEEEEING.
  3182 | D:4      | 3182 ||| FLEEEEING.
  3183 | D:4      | 3183 ||| FLEEEEING.
  3184 | D:4      | 3184 ||| FLEEEEING.
  3185 | D:4      | 3185 ||| STAIRDANCE
  3248 | D:3      | 3248 ||| DRINKING 2 inky potions.
  3249 | D:3      | 3249 ||| READING 2 scrolls of identify.
  3249 | D:3      | 3249 ||| IDENTIFYING viscous blue potion
  3250 | D:3      | 3250 ||| DROPPING potion of brilliance.
  3253 | D:4      | 3253 ||| STAIRDANCE
  3260 | D:3      | 3260 ||| DRINKING potion of curing.
  3260 | D:3      | 3260 ||| (to cure confusion)
  3351 | D:4      | Reached XP level 6. HP: 28/35 MP: 6/10
  3446 | D:4      | 3446 ||| RIP OSSUARY
  3518 | D:4      | 3518 ||| PLANNING D:1-11
  3679 | D:4      | Reached skill level 7 in Axes
  3790 | D:5      | Entered Level 5 of the Dungeon
  3790 | D:5      | Noticed Grinder
  3801 | D:5      | Paralysed by Grinder for 4 turns
  3812 | D:5      | Paralysed by Grinder for 4 turns
  3815 | D:5      | HP: 9/36 [Grinder (3)]
  3816 | D:5      | 3816 ||| READING 2 scrolls of teleportation.
  3817 | D:5      | HP: 4/36 [Grinder (3)]
  3817 | D:5      | HP: 1/36 [Grinder (3)]
  3819 | D:5      | 3819 ||| READING scroll of teleportation.
  4149 | D:5      | Reached skill level 3 in Fighting
  4303 | D:5      | 4303 ||| Stepping ~*~*~tactically~*~*~ (stealth).
  4318 | D:5      | 4318 ||| Stepping ~*~*~tactically~*~*~ (stealth).
  4394 | D:5      | Noticed Duvessa
  4394 | D:5      | Noticed Dowan
  4412 | D:5      | Killed Duvessa
  4413 | D:5      | Reached skill level 8 in Axes
  4413 | D:5      | Reached XP level 7. HP: 11/41 MP: 5/11
  4415 | D:5      | HP: 10/41 [Dowan/+0 dagger (1)]
  4417 | D:5      | HP: 4/41 [Dowan/stone arrow (7)]
  4418 | D:5      | Killed Dowan
  4794 | D:5      | Found a shimmering altar of Xom.
  4802 | D:5      | Found a snail-covered altar of Cheibriados.
  4807 | D:5      | Found a bloodstained altar of Trog.
  4814 | D:5      | Found a glowing golden altar of the Shining One.
  4820 | D:5      | Found a hide-covered altar of Uskayaw.
  4831 | D:5      | Found a radiant altar of Vehumet.
  4838 | D:5      | Found a blossoming altar of Fedhas.
  4952 | D:5      | 4952 ||| Stepping ~*~*~tactically~*~*~ (stealth).
  4953 | D:5      | 4953 ||| Stepping ~*~*~tactically~*~*~ (stealth).
  4978 | D:5      | 4978 ||| Stepping ~*~*~tactically~*~*~ (stealth).
  4979 | D:5      | 4979 ||| Stepping ~*~*~tactically~*~*~ (stealth).
  5048 | D:5      | 5048 ||| Stepping ~*~*~tactically~*~*~ (stealth).
  5051 | D:5      | Noticed a two-headed ogre
  5058 | D:5      | HP: 4/41 [two-headed ogre/+0 giant club (13)]
  5059 | D:5      | Demolished by a two-headed ogre

Levels and vault maps discovered:
D:1:      dpeg_cavernosity, layout_rooms, serial_glass, glass_columns_a,
          glass_columns_a, glass_columns_a, glass_columns_b, feat_on_display,
          feat_on_display
D:2:      layout_basic, serial_curves, eino_curves_04, eino_curves_02,
          eino_curves_04, serial_shops, nicolae_shop_bloodbath_and_beyond
D:3:      layout_rooms, serial_shops, nicolae_diamond_shop, shop
D:4:      layout_layer_cave, nicolae_ossuary_entry_catacombs, serial_shops,
          nicolae_shop_hallway_stairs, kennysheep_another_room
D:5:      layout_loops_corners, grunt_temple_overflow_octagram,
          minmay_temple_entry_wispy, uniq_duvessa, uniq_grinder

Skill      XL: |  1  2  3  4  5  6  7 |
---------------+----------------------+-----
Axes           | 3 4 5 6 8 |  8.4
Fighting       | 3 |  3.0
Armour         | 2 |  2.0
Throwing       | |  1.0
Dodging        | |  2.1
Spellcasting   | |  2.0
Translocations | |  2.4

Action                   |  1- 3 |  4- 6 |  7- 9 || total
-------------------------+-------+-------+-------++-------
Melee: Hand axe          |    88 |    32 |       ||   120
       Kick              |    23 |    58 |     9 ||    90
       Peck              |     6 |    26 |     3 ||    35
       War axe           |       |   134 |    22 ||   156
       Punch             |       |     1 |       ||     1
Throw: Boomerang         |     7 |       |     6 ||    13
  Use: Scroll            |     7 |     4 |       ||    11
       Potion            |     1 |     2 |       ||     3
 Stab: Sleeping          |     1 |       |       ||     1
Armor: Leather armour    |    28 |       |       ||    28
       Ring mail         |     1 |    17 |       ||    18
       Scale mail        |       |    40 |     3 ||    43
Dodge: Dodged            |    54 |    86 |    10 ||   150

Table legend:
 A = Non-vault XP
 B = Vault XP
 C = Vault XP percentage of total XP
 D = Non-vault monster count
 E = Vault monster count
 F = Vault count percentage of total count
                 A         B        C        D         E       F
            +---------+---------+-------+---------+---------+-------
      Total |     603 |     348 |  36.6 |      69 |      12 |  14.8
            +---------+---------+-------+---------+---------+-------
        D:1 |      24 |       6 |  20.0 |      12 |       4 |  25.0
        D:2 |      40 |       0 |   0.0 |      17 |       0 |   0.0
        D:3 |      76 |       0 |   0.0 |      16 |       0 |   0.0
        D:4 |     230 |     130 |  36.1 |      14 |       6 |  30.0
        D:5 |     233 |     212 |  47.6 |      10 |       2 |  16.7
            +---------+---------+-------+---------+---------+-------
